 Dungeon Crawl Stone Soup version 0.26.1-11-gd32895ea62 (webtiles) character file.

Game seed: 11920577429879947397

340 dannygr the Chopper (level 6, 0/56 HPs)
             Began as a Minotaur Berserker on July 16, 2021.
             Was a Priest of Trog.
             Slain by an ogre
             ... wielding a cursed -1 giant spiked club
              (11 damage)
             ... on level 4 of the Dungeon.
             The game lasted 00:09:40 (3591 turns).

dannygr the Chopper (Minotaur Berserker)            Turns: 3591, Time: 00:09:40

Health: 0/56       AC: 13    Str: 21    XL:     6   Next: 30%
Magic:  5/5        EV:  7    Int:  4    God:    Trog [***...]
Gold:   138        SH:  0    Dex: 12    Spells: 5/5 levels left

rFire    . . .     SeeInvis .   a - +0 hand axe
rCold    . . .     Faith    .   (no shield)
rNeg     . . .     Spirit   .   h - +0 plate armour
rPois    .         Reflect  .   (helmet restricted)
rElec    .         Harm     .   (no cloak)
rCorr    .         Rampage  .   (no gloves)
Will     .....                  o - +0 pair of boots
Stlth    ..........             (no amulet)
HPRegen  0.18/turn              c - ring of flight
MPRegen  0.09/turn              (no ring)

@: no status effects
A: retaliatory headbutt, horns 2
a: Renounce Religion, Evoke Flight, Berserk, Trog's Hand


You were on level 4 of the Dungeon.
You worshipped Trog.
Trog was most pleased with you.
You visited 1 branch of the dungeon, and saw 4 of its levels.

You collected 138 gold pieces.

Inventory:

Hand Weapons
 a - a +0 hand axe (weapon)
Armour
 h - a +0 plate armour (worn)
 o - a +0 pair of boots (worn)
Jewellery
 c - a ring of flight (left hand)
Scrolls
 d - a scroll of teleportation
 e - 2 scrolls of remove curse
 f - a scroll of blinking
 j - 2 scrolls of enchant weapon
 k - 2 scrolls of enchant armour {unknown}
 n - a scroll of random uselessness {unknown}
 p - a scroll of amnesia {unknown}
 r - a scroll of noise {unknown}
Potions
 g - 3 potions of flight
 i - a potion of ambrosia {unknown}
 l - 2 potions of brilliance {unknown}
 m - 3 potions of curing {unknown}


   Skills:
 + Level 5.0 Fighting
 * Level 6.1 Axes
 + Level 4.1 Armour
 + Level 3.7 Dodging


You had 5 spell levels left.
You didn't know any spells.
Your spell library was empty.

Dungeon Overview and Level Annotations

Branches:
Dungeon (4/15)
 Temple: D:4-7

Altars:
Yredelemnul

Annotations:
D:4 Eustachio


Innate Abilities, Weirdness & Mutations

You reflexively headbutt those who attack you in melee.
You have a pair of horns on your head.


Message History

* * * LOW HITPOINT WARNING * * *
As you read the scroll of teleportation, it crumbles to dust.
You feel strangely unstable.
You feel sick.
You are no longer poisoned.
Your surroundings suddenly seem different.
The ogre shouts!
You hit the ogre.
The ogre is lightly wounded.
The ogre barely misses you.
You hit the ogre.
The ogre is moderately wounded.
Eustachio shouts!
You hit the ogre.
The ogre is moderately wounded.
The ogre barely misses you.
You hit the ogre.
The ogre is heavily wounded.
The ogre hits you with a cursed -1 giant spiked club!
You die...

####### ##.....##
##...?...##
#.........# ####
#.......@.# ..$#
#.....†.O.# ...#
#.........#####...#
#..........Oo.....#
#....?.....####...#
$......@....# ...#
...........## .###
..........(.. ##
...........##..


You could see Eustachio and an ogre.

Vanquished Creatures
  A phantom (D:2)
  A howler monkey (D:4)
  A hound (D:4)
  Jessica (D:3)
  5 adders
  4 worms
  6 dart slugs
  A leopard gecko (D:3)
  7 orcs
  3 giant cockroaches
  9 goblins
  10 hobgoblins
  4 jackals
  4 quokkas
  A ball python (D:3)
  10 bats
  4 frilled lizards
  10 kobolds
  5 rats
87 creatures vanquished.

Vanquished Creatures (others)
  A plant (D:1)
1 creature vanquished.

Grand Total: 88 creatures vanquished

Notes
Turn   | Place    | Note
-------+----------+-------------------------------------------
     0 | D:1      | dannygr the Minotaur Berserker began the quest for the Orb.
     0 | D:1      | Reached XP level 1. HP: 19/19 MP: 0/0
   278 | D:1      | Reached skill level 4 in Axes
   278 | D:1      | Reached XP level 2. HP: 26/27 MP: 1/1
   976 | D:1      | Reached XP level 3. HP: 33/33 MP: 2/2
  1157 | D:2      | Reached ** piety under Trog
  1255 | D:2      | Noticed a phantom
  1276 | D:2      | Killed a phantom
  1277 | D:2      | Reached skill level 5 in Axes
  1277 | D:2      | Reached XP level 4. HP: 28/41 MP: 3/3
  1511 | D:2      | Reached XP level 5. HP: 46/47 MP: 4/4
  2198 | D:2      | Found a faded altar of an unknown god.
  2961 | D:3      | Reached *** piety under Trog
  3113 | D:3      | Found a basalt altar of Yredelemnul.
  3236 | D:3      | Noticed Jessica
  3248 | D:3      | Killed Jessica
  3358 | D:4      | Reached skill level 6 in Axes
  3358 | D:4      | Reached XP level 6. HP: 51/55 MP: 5/5
  3402 | D:4      | Reached skill level 5 in Fighting
  3427 | D:4      | Noticed Eustachio
  3591 | D:4      | Slain by an ogre

Illustrated notes

Levels and vault maps discovered:
D:1:      giann_bridges, layout_basic
D:2:      layout_loops_cross, chequers_ecumenical_altar_island,
          grunt_ministairs_3
D:3:      layout_basic, marbit_many_paths, kennysheep_jessica_study
D:4:      layout_rooms, fedhas_bush_and_centaur_altar, uniq_purgy,
          uniq_eustachio, uniq_sigmund

Skill      XL: |  1  2  3  4  5  6 |
---------------+-------------------+-----
Axes           | 4 5 6 |  6.1
Fighting       | 4 5 |  5.0
Armour         | 3 4 |  4.1
Dodging        | 3 |  3.7

Action                   |  1- 3 |  4- 6 || total
-------------------------+-------+-------++-------
Melee: Hand axe          |    81 |   172 ||   253
       Headbutt          |    13 |    25 ||    38
Invok: Berserk           |     2 |     2 ||     4
       Trog's Hand       |       |     2 ||     2
  Use: Scroll            |     2 |    10 ||    12
Armor: Animal skin       |     3 |       ||     3
       Plate armour      |    36 |   126 ||   162
Dodge: Dodged            |    26 |    77 ||   103
